 Dungeon Crawl Stone Soup version 0.31-a0-1388-g4b2ba238e7 (webtiles) character file.

Game seed: 14357302735323171550

100 mandarbmax the Changeling (level 4, 0/43 (45) HPs)
             Began as an Oni Shapeshifter on Dec 25, 2023.
             Killed by divine providence
             ... invoked by an orc priest
              (14 damage)
             ... on level 3 of the Dungeon.
             The game lasted 00:03:35 (1609 turns).

mandarbmax the Changeling (Oni Shapeshifter)        Turns: 1609, Time: 00:03:36

HP:   0/43 (45)     AC:  3    Str: 20    XL:     4   Next: 73%
MP:   4/4           EV:  9    Int: 11    God:
Gold: 81            SH:  0    Dex:  8    Spells: 3/3 levels left

rFire   . . .        b - +2 mace (drain)
rCold   . . .        (no shield)
rNeg    . . .        a - +0 animal skin
rPois   .            (helmet currently unavailable)
rElec   .            (cloak currently unavailable)
rCorr   .            (gloves unavailable)
SInv    .            (boots unavailable)
Will    .....        (no amulet)
Stlth   +            (no ring)
HPRegen 0.27/turn    (no ring)
MPRegen 0.09/turn

%: no passive effects
@: confused, beast-form, ambrosia-drunk, lightly drained
A: beast (slay +2), large, unfitting armour, horns 1, tough skin 1, double
potion healing, drunken brawling
a: Begin Untransformation


You were on level 3 of the Dungeon.
You were a hulking beast.
You visited 1 branch of the dungeon, and saw 3 of its levels.

You collected 81 gold pieces.

Inventory:

Hand Weapons
 b - a +2 mace of draining (weapon)
Missiles
 p - 4 curare-tipped darts
 q - a boomerang (quivered)
Armour
 a - a +0 animal skin (worn)
Talismans
 c - a beast talisman
 d - a flux talisman
Scrolls
 f - 2 scrolls of teleportation {unknown}
 i - a scroll of vulnerability {unknown}
 l - 3 scrolls of identify {unknown}
 m - a scroll of enchant weapon {unknown}
 n - a scroll of poison {unknown}
Potions
 g - a potion of degeneration {unknown}
 h - a potion of magic {unknown}
 k - a potion of enlightenment {unknown}
 o - a potion of invisibility {unknown}


   Skills:
 + Level 3.1 Fighting
 * Level 2.2 Maces & Flails
 - Level 2.0 Dodging
 - Level 3.0 Unarmed Combat
 + Level 3.6 Shapeshifting


You had 3 spell levels left.
You didn't know any spells.
Your spell library contained the following spells:

 Spells                   Type           Power      Damage    Failure   Level
 Ensorcelled Hibernation  Hex/Ice        0%         N/A       47%         2
 Fugue of the Fallen      Necr           0%         N/A       71%         3
 Ozocubu's Armour         Ice            0%         N/A       71%         3
 Anguish                  Hex/Necr       0%         N/A       98%         4
 Metabolic Englaciation   Hex/Ice        0%         N/A       100%        5
 Simulacrum               Ice/Necr       0%         N/A       100%        6


Dungeon Overview and Level Annotations

Branches:
Dungeon (3/15)

Altars:
Hepliaklqana
The Shining One

Shops:
D:3 =


Innate Abilities, Weirdness & Mutations

You are a hulking beast.
Your limbs bulge with bestial killing power. (Slay +2)
You are too large for most types of armour.
You have a pair of small horns on your head.
You have tough skin. (AC +1)
You gain doubled healing and magic from potions.
Whenever you drink a healing potion, you attack all around you.


Message History

You drop a +0 whip.
A rat comes into view.
You throw a boomerang. The boomerang barely misses the rat.
The rat squeaks loudly.
An orc comes into view. It is wielding a +0 heavy flail.
The orc shouts!
You hear a shout!
The rat bites you but does no damage.
You barely miss the rat. You headbutt the rat.
The rat is moderately wounded.
The rat bites you.
An orc comes into view. It is wielding a +0 dagger.
The orc shouts!
You sock the rat!
You kill the rat!
You hear a shout!
An orc comes into view. It is wielding a +0 mace.
The orc shouts!
The orc priest shouts!
The orc shouts!
The orc hits you with a +0 heavy flail!
* * * LOW HITPOINT WARNING * * *
There is an open door, spattered with blood here.
You are too injured to fight recklessly!
You are too injured to fight recklessly!
You are too injured to fight recklessly!
You are too injured to fight recklessly!
Unknown command.
The orc attacks as it pursues you! The orc barely misses you.
You take a swig of the potion and twirl your +2 mace of draining.
You thump the orc!
You kill the orc!
It was a potion of ambrosia.
You are confused.
You savour every drop.
You feel invigorated.
The orc priest mumbles some strange prayers to Beogh against you.
Beogh smites you!
* * * LOW HITPOINT WARNING * * *
You barely miss the orc. The orc barely misses you.
The orc priest invokes the aid of Beogh against you.
Beogh smites you!
You die...

#....... #.# #...... #.#
#...... #.# ..... #.#
....#..####...# ###.#
<...........oo# ##...#
#...........o.# #..###
#..........#o# ####.##
#..........#h#######....#
.........$.#†...)....####
..............>#######
.......)##..####
.∩#####o##..# #..<......#
#............
#.....#.#....
###+#'._.....


You could see an orc priest and 3 orcs.

Vanquished Creatures
  An orc priest (D:3)
  An adder (D:2)
  9 orcs (D:3)
  3 endoplasms
  A giant cockroach (D:1)
  6 goblins
  5 hobgoblins
  2 jackals (D:1)
  A quokka (D:1)
  5 ball pythons
  5 bats
  4 kobolds
  3 rats
46 creatures vanquished.

Notes
Turn   | Place    | Note
-------+----------+-------------------------------------------
     0 | D:1      | mandarbmax the Oni Shapeshifter began the quest for the
                  | Orb.
     0 | D:1      | Reached XP level 1. HP: 19/19 MP: 1/1
    86 | D:1      | Reached XP level 2. HP: 28/28 MP: 2/2
   482 | D:2      | Reached XP level 3. HP: 35/35 MP: 3/3
   725 | D:2      | Found a hazy altar of Hepliaklqana.
  1135 | D:3      | Found a glowing golden altar of the Shining One.
  1172 | D:3      | Reached skill level 1 in Maces & Flails
  1177 | D:3      | Found Wuhicet's Jewellery Emporium.
  1523 | D:3      | Reached XP level 4. HP: 14/38 MP: 4/4
  1609 | D:3      | Killed from afar by an orc priest

Illustrated notes

Levels and vault maps discovered:
D:1:      lemuel_arrival_broad_hall, layout_rooms
D:2:      minmay_spotlight, layout_loops_ring, basic_altar
D:3:      layout_basic, lemuel_crystal_altar, yredelemnul_altar_generic,
          serial_shops, shop

Skill      XL: |  1  2  3  4 |
---------------+-------------+-----
Dodging        | 2 |  2.0
Unarmed Combat | 3 |  3.0
Fighting       | 2 3 |  3.1
Maces & Flails | 1 2 |  2.2
Shapeshifting  | |  3.6

Action                     |  1- 3 |  4- 6 || total
---------------------------+-------+-------++-------
  Melee: Unarmed           |    88 |     9 ||    97
         Headbutt          |    10 |     1 ||    11
         Punch             |     1 |     1 ||     2
         Mace              |       |     3 ||     3
  Throw: Boomerang         |       |     6 ||     6
    Use: Potion            |     1 |     1 ||     2
 Armour: Animal skin       |    72 |     4 ||    76
         Skin              |     2 |       ||     2
  Dodge: Dodged            |    36 |     3 ||    39

Table legend: (Time is in decaauts)
 A = Elapsed time spent in this place.
 B = Non-inter-level travel time spent in this place.
 C = Inter-level travel time spent in this place.
 D = Time resting spent in this place.
 E = Time spent auto-exploring this place.
 F = Levels seen in this place.
 G = Mean time per level.
                   A        B        C        D        E       F      G
               +--------+--------+--------+--------+--------+-----+--------+
         Total |   1606 |   1498 |    108 |    180 |   1023 |   3 |  535.3 |
       Dungeon |   1606 |   1498 |    108 |    180 |   1023 |   3 |  535.3 |
               +--------+--------+--------+--------+--------+-----+--------+

Top non-repeatable levels by time:
     D:2: 923 daAuts
     D:1: 439 daAuts
     D:3: 243 daAuts
